 Dungeon Crawl Stone Soup version 0.28.0-53-g5a82cb258f (webtiles) character file.

Game seed: 5103601267833164707

51 Sin92 the Magician (level 3, 0/25 HPs)
             Began as a Demonspawn Hedge Wizard on July 11, 2022.
             Slain by a goblin
             ... wielding a +0 club
             ... led by Robin
              (5 damage)
             ... on level 2 of the Dungeon.
             The game lasted 00:04:21 (2855 turns).

Sin92 the Magician (Demonspawn Hedge Wizard)        Turns: 2855, Time: 00:04:22

Health: 0/25       AC:  2    Str: 10    XL:     3   Next: 58%
Magic:  7/7        EV: 12    Int: 15    God:
Gold:   71         SH:  0    Dex: 14    Spells: 4/8 levels left

rFire   . . .      SeeInvis .   d - staff of earth
rCold   . . .      Faith    .   (no shield)
rNeg    . . .      Spirit   .   b - +0 robe
rPois   .          Reflect  .   c - +0 hat
rElec   .          Harm     .   (no cloak)
rCorr   .          Rampage  .   (no gloves)
Will    .....                   (no boots)
Stlth   ++........              (no amulet)
HPRegen 0.08/turn               (no ring)
MPRegen 0.10/turn               (no ring)

@: invisible
A: demonic guardian 1
a: no special abilities


You were on level 2 of the Dungeon.
You visited 1 branch of the dungeon, and saw 2 of its levels.

You collected 71 gold pieces.

Inventory:

Hand Weapons
 a - a +0 dagger
Missiles
 e - a throwing net
Armour
 b - a +0 robe (worn)
 c - a +0 hat (worn)
Magical Staves
 d - a staff of earth (weapon)
Jewellery
 i - a ring of protection from cold
Scrolls
 g - a scroll of identify
Potions
 f - a potion of invisibility


   Skills:
 + Level 0.6 Fighting
 + Level 0.4 Staves
 + Level 2.2 Dodging
 + Level 2.2 Stealth
 + Level 3.2 Spellcasting
 + Level 1.6 Conjurations
 - Level 1.0 Summonings
 + Level 1.4 Translocations


You had 4 spell levels left.
You knew the following spells:

 Your Spells              Type           Power      Damage    Failure   Level
a - Magic Dart            Conj           28%        1d4       10%         1
b - Blink                 Tloc           12%        N/A       16%         2
c - Slow                  Hex            8%         N/A       21%         1

Your spell library contained the following spells:

 Spells                   Type           Power      Damage    Failure   Level
 Call Imp                 Summ           5%         N/A       21%         2
 Conjure Flame            Conj/Fire      4%         6-21      38%         3
 Mephitic Cloud           Conj/Pois/Air  4%         N/A       43%         3


Dungeon Overview and Level Annotations

Branches:
Dungeon (2/15)

Altars:

Annotations:
D:2 Robin


Innate Abilities, Weirdness & Mutations

A weak demonic guardian rushes to your aid.


Message History

You kill the goblin!
The goblin hits you but does no damage. The goblin closely misses you.
The goblin hits you with a +0 club.
Things that are here:
a +0 club; a goblin corpse Robin says, "Kneel, worm!"
The goblin closely misses you. Robin throws the goblin at you!
The goblin closely misses you.
You fade into invisibility!
The hobgoblin misses you. The goblin misses you.
It was a potion of magic.
Magic courses through your body. The hobgoblin closely misses you.
The goblin hits you with a +0 club.
You hit the goblin.
The goblin is moderately wounded.
The goblin no longer looks unusually strong. x2
The hobgoblin closely misses you.
Robin roars a battlecry!
The goblin goes into a battle-frenzy!
The goblin closely misses you.
You barely miss the goblin.
The goblin is moderately wounded.
The hobgoblin barely misses you. The goblin hits you with a +0 club.
The hobgoblin misses you.
You catch the helpless goblin completely off-guard!
You hit the goblin.
The goblin is severely wounded.
The goblin misses you. The hobgoblin barely misses you.
You barely miss the goblin.
The goblin is severely wounded.
The goblin no longer looks unusually strong. x2
Robin roars a battlecry!
The goblins go into a battle-frenzy!
The goblin hits you with a +0 club.
* * * LOW HITPOINT WARNING * * *
The hobgoblin closely misses you.
You closely miss the goblin.
The goblin is severely wounded.
The goblin shouts!
The goblin hits you with a +0 club.
You die...

..##............ ......
.##..#......................
.......................g....
.##.##....†>................
#.......##.... .!...g.....
....####.##. ## #.. .#.....
...###...##|# #.##...# #
............######gg..# #.##
####....####...g@gggg##....#
###.......#######........
#..###<...).............
#.####.####.#########.##
...............## ..
##........)(.......#
..#####.........### ...
.......)..>## #.##......>.#


You could see Robin, a hobgoblin (strong) and 5 goblins.

Vanquished Creatures
  3 dart slugs (D:1)
  3 bats
  6 endoplasms (D:1)
  5 giant cockroaches
  7 goblins
  3 hobgoblins (D:1)
  3 quokkas (D:1)
  2 ball pythons
  A frilled lizard (D:2)
  2 kobolds (D:1)
  3 rats (D:1)
38 creatures vanquished.

Notes
Turn   | Place    | Note
-------+----------+-------------------------------------------
     0 | D:1      | Sin92 the Demonspawn Hedge Wizard began the quest for the
                  | Orb.
     0 | D:1      | Reached XP level 1. HP: 13/13 MP: 4/4
   231 | D:1      | Reached skill level 1 in Translocations
   592 | D:1      | Gained mutation: A weak demonic guardian rushes to your
                  | aid. [demonic ancestry]
   592 | D:1      | Reached XP level 2. HP: 2/19 MP: 4/6
   908 | D:1      | Found a faded altar of an unknown god.
  1679 | D:1      | Reached XP level 3. HP: 14/24 MP: 2/7
  2761 | D:2      | Learned a level 2 spell: Blink
  2763 | D:2      | Learned a level 1 spell: Slow
  2839 | D:2      | Noticed Robin
  2855 | D:2      | Slain by a goblin

Illustrated notes

Levels and vault maps discovered:
D:1:      mrwooster_arrival_statue_2, layout_basic,
          dreamdust_ecumenical_altar_grove, st_stairs_4
D:2:      layout_rooms, serial_shops, shop, minmay_pentomino_t4, uniq_sigmund,
          uniq_jessica, uniq_natasha, uniq_robin

Skill      XL: |  1 |
---------------+----+-----
Translocations | 1 |  1.4
Dodging        | 2 |  2.2
Stealth        | 2 |  2.2
Fighting       | |  0.6
Staves         | |  0.4
Spellcasting   | |  3.2
Conjurations   | |  1.6
Summonings     | |  1.0

Action                   || total
-------------------------++-------
Melee: Dagger            ||    21
       Punch             ||     2
       Staff             ||    38
 Cast: Magic Dart        ||    95
  Use: Scroll            ||     3
       Potion            ||     2
 Stab: Distracted        ||     1
       Invisible         ||     1
Armor: Robe              ||     9
Dodge: Dodged            ||    62
